 Dungeon Crawl Stone Soup version 0.28-a0-381-g937acc2988 (webtiles) character file.

Game seed: 4084686230815748675

8771 lunkers the Grappler (level 11, -1/102 HPs)
             Began as a Minotaur Cinder Acolyte on Sept 1, 2021.
             Was a High Priest of Ignis.
             Slain by a cane toad (12 damage)
             ... on level 1 of the Lair of Beasts.
             The game lasted 00:21:06 (14938 turns).

lunkers the Grappler (Minotaur Cinder Acolyte)     Turns: 14938, Time: 00:21:07

Health: -1/102     AC: 16    Str: 22    XL:     11   Next: 14%
Magic:  20/20      EV:  6    Int: 10    God:    Ignis [*****.]
Gold:   1578       SH: 14    Dex:  9    Spells: 11/12 levels left

rFire   + + .      SeeInvis .     - Unarmed
rCold   + . .      Faith    .   K - +1 kite shield
rNeg    . . .      Spirit   .   J - +2 chain mail
rPois   +          Reflect  +   (helmet restricted)
rElec   .          Harm     .   e - +0 cloak
rCorr   .          Rampage  .   N - +2 pair of gloves
Will    .....                   (no boots)
Stlth   ..........              E - amulet "Wostruuw" {Reflect rF+ MP+9 Str+2 SH+5}
HPRegen 0.27/turn               i - ring of protection from cold
MPRegen 0.17/turn               v - ring of poison resistance

@: no status effects
A: horns 2, retaliatory headbutt
a: Renounce Religion, Sea of Fire, Foxfire Swarm, Rising Flame


You were on level 1 of the Lair of Beasts.
You worshipped Ignis.
Ignis was extremely pleased with you.
You visited 2 branches of the dungeon, and saw 10 of its levels.
You also visited: Sewer.

You collected 1846 gold pieces.
You spent 268 gold pieces at shops.

Inventory:

Missiles
 B - 3 throwing nets
Armour
 e - a +0 cloak (worn)
 J - a +2 chain mail (worn)
 K - a +1 kite shield (worn)
 N - a +2 pair of gloves (worn)
Jewellery
 i - a ring of protection from cold (left hand)
 v - a ring of poison resistance (right hand)
 C - an amulet of regeneration
 E - the amulet "Wostruuw" (around neck) {Reflect rF+ MP+9 Str+2 SH+5}
   (You found it on level 6 of the Dungeon)

   [amulet of reflection]

   It reflects blocked missile attacks.
   Str:       It affects your strength (+2).
   rF:        It protects you from fire.
   MP:        It affects your magic capacity (+9).
   SH:        It affects your SH (+5).
Wands
 s - a wand of charming (7)
 A - a wand of paralysis (7)
 F - a wand of flame (52)
Scrolls
 d - 3 scrolls of teleportation
 f - a scroll of enchant weapon
 g - 2 scrolls of immolation
 l - a scroll of magic mapping
 y - a scroll of blinking
Potions
 a - 3 potions of curing
 b - 3 potions of invisibility
 c - a potion of mutation
 n - 8 potions of flight
 o - 3 potions of heal wounds
 p - 2 potions of attraction
 q - a potion of resistance
 u - a potion of ambrosia {unknown}
 w - 4 potions of degeneration
 x - 2 potions of cancellation
 z - a potion of might {unknown}
 D - a potion of berserk rage {unknown}
 G - 4 potions of lignification
Miscellaneous
 h - a phantom mirror


   Skills:
 + Level 11.5 Fighting
 + Level 5.4 Armour
 + Level 5.5 Shields
 * Level 14.0 Unarmed Combat
 - Level 1.0 Spellcasting
 - Level 0.6 Fire Magic


You had 11 spell levels left.
You knew the following spells:

 Your Spells              Type           Power      Damage    Failure   Level
p - Foxfire               Conj/Fire      4%         2x1d4     100%        1

Your spell library contained the following spells:

 Spells                   Type           Power      Damage    Failure   Level
 Summon Small Mammal      Summ           0%         N/A       100%        1
 Blink                    Tloc           N/A        N/A       100%        2
 Ensorcelled Hibernation  Hex/Ice        0%         N/A       100%        2
 Passwall                 Tmut/Erth      0%         N/A       100%        2
 Call Canine Familiar     Summ           0%         N/A       100%        3
 Spider Form              Tmut/Pois      0%         N/A       100%        3
 Summon Guardian Golem    Hex/Summ       0%         N/A       100%        3
 Swiftness                Air            0%         N/A       100%        3
 Tukima's Dance           Hex            0%         N/A       100%        3
 Passage of Golubria      Tloc           N/A        N/A       100%        4
 Manifold Assault         Tloc           0%         N/A       100%        5
 Yara's Violent Unravell  Hex/Tmut       0%         3d3       100%        5
 Invisibility             Hex            0%         N/A       100%        6
 Storm Form               Tmut/Air       0%         N/A       100%        7


Dungeon Overview and Level Annotations

Branches:
Dungeon (9/15)             Temple (0/1) D:6            Lair (1/6) D:8
  Sewer (visited)
    Orc: D:9-12

Altars:
Cheibriados
Elyvilon
Fedhas
Gozag
Hepliaklqana
Kikubaaqudgha
Makhleb
Okawaru
Sif Muna
Uskayaw
Vehumet
Xom
Zin

Shops:
D:2 ?   D:7 ((*

Annotations:
D:4 3 runed translucent doors, bande's ghost, amateur GrFi; dracfodder's ghost, amateur GrBe
D:5 2 transporters, jimbles's ghost, amateur TeAE
D:6 4 runed translucent doors, Crazy Yiuf; Dittersdorf's ghost, novice GrFi
D:7 1 runed translucent door, hgbash's ghost, novice GrCA
D:9 1 runed translucent door, siradein's ghost, novice DsBe


Innate Abilities, Weirdness & Mutations

You have a pair of horns on your head.
You reflexively headbutt those who attack you in melee.


Message History

The four-headed hydra bites you but does no damage.
You hit the four-headed hydra but do no damage.
The four-headed hydra is almost dead.
The four-headed hydra barely misses you.
The four-headed hydra bites you!
* * * LOW HITPOINT WARNING * * *
The four-headed hydra bites you.
* * * LOW HITPOINT WARNING * * *
You block the four-headed hydra's attack.
You hit the four-headed hydra but do no damage.
Your headbutt misses the four-headed hydra.
The four-headed hydra is almost dead.
You block the four-headed hydra's attack. x2
The four-headed hydra bites you!
* * * LOW HITPOINT WARNING * * *
You block the four-headed hydra's attack.
Unknown command.
Your chain mail prevents you from hitting the four-headed hydra.
The four-headed hydra is almost dead.
You block the four-headed hydra's attack.
The four-headed hydra bites you!
* * * LOW HITPOINT WARNING * * *
The four-headed hydra bites you!
* * * LOW HITPOINT WARNING * * *
The four-headed hydra bites you but does no damage.
You punch the four-headed hydra!
You kill the four-headed hydra!
Your Unarmed Combat skill increases to level 14!
Unknown command.
Aiming: Charm
Press: ? - help, Shift-Dir - straight line, f - cane toad
Aim: a cane toad (heavily wounded, chance to affect: 46%)
The cane toad resists with some effort.
You block the cane toad's attack.
Aiming: Charm
Press: ? - help, Shift-Dir - straight line, f/p - cane toad
Aim: a cane toad (heavily wounded, chance to affect: 46%)
The cane toad resists with some effort.
The cane toad stings you but does no damage.
The cane toad stings you!
You die...

#.......P#
#.>.....# #.......#
#.......# #.......#
#.......#
#.......##♣♣♣♣♣
##......(......♣♣
#..............@♣
##........#♣♣♣♣♣Fi♣
#.......## ♣♣...
#.......# ♣♣♣
#.......# #.......#
##.>.....#
#........#
##.......##


You could see a cane toad and a spriggan.

Vanquished Creatures
  A hydra (Lair:1)
  A deep elf pyromancer (D:8)
  Joseph (D:8)
  Psyche (D:9)
  Grinder (D:6)
  6 slime creatures (D:8)
  A shadow (D:8)
  2 wyverns
  11 yaks
  2 wargs (D:8)
  A water moccasin (D:9)
  3 orc warriors
  2 ice beasts (D:6)
  An ogre (D:5)
  2 centaurs (D:9)
  2 phantoms (D:5)
  4 kobold brigands
  A gnoll sergeant (D:8)
  3 bullfrogs
  A wyvern zombie (D:8)
  A scorpion (D:5)
  A water moccasin zombie (D:6)
  A water moccasin skeleton (D:5)
  10 wights
  2 howler monkeys (D:7)
  2 electric eels (D:8)
  A centaur zombie (D:9)
  A bullfrog skeleton (D:7)
  A hound (D:6)
  4 jellies
  7 orc priests
  A centaur skeleton (D:3)
  5 iguanas
  A scorpion zombie (D:5)
  8 orc wizards
  A killer bee zombie (D:5)
  2 hound skeletons
  2 howler monkey zombies
  10 gnolls
  8 adders
  2 howler monkey skeletons (D:7)
  2 river rats
  A shadow imp (D:6)
  2 ufetubi (D:4)
  5 worms
  3 dart slugs
  30 orcs
  4 ball pythons
  6 endoplasms
  4 giant cockroaches
  9 hobgoblins
  6 jackals
  8 quokkas
  4 bats
  5 frilled lizards
  11 goblins
  29 kobolds
  11 rats
258 creatures vanquished.

Vanquished Creatures (collateral kills)
  A foxfire (D:6)
1 creature vanquished.

Vanquished Creatures (others)
  5 dream sheep (D:7)
  An orc warrior (D:8)
  An orc wizard (D:8)
  207 foxfires
  6 fungi
  15 plants
235 creatures vanquished.

Grand Total: 494 creatures vanquished

Notes
Turn   | Place    | Note
-------+----------+-------------------------------------------
     0 | D:1      | lunkers the Minotaur Cinder Acolyte began the quest for the
                  | Orb.
     0 | D:1      | Reached XP level 1. HP: 19/19 MP: 1/1
   263 | D:1      | Reached XP level 2. HP: 12/27 MP: 0/2
   813 | D:1      | Reached skill level 4 in Unarmed Combat
  1401 | D:1      | Reached XP level 3. HP: 33/33 MP: 3/3
  1401 | D:1      | Found a faded altar of an unknown god.
  1940 | D:2      | Reached XP level 4. HP: 41/41 MP: 0/4
  1988 | D:2      | Found Heboq's Magic Scroll Shop.
  2015 | D:2      | Reached skill level 5 in Unarmed Combat
  2806 | D:3      | Found a glowing drain.
  2845 | Sewer    | Entered a sewer
  2944 | Sewer    | Noticed a kobold brigand
  2948 | Sewer    | Reached XP level 5. HP: 46/47 MP: 0/5
  2956 | Sewer    | Reached skill level 5 in Fighting
  2956 | Sewer    | Reached skill level 6 in Unarmed Combat
  3055 | Sewer    | Found a white marble altar of Elyvilon.
  3453 | D:3      | Found a blossoming altar of Fedhas.
  3504 | D:3      | Found an opulent altar of Gozag.
  3724 | D:3      | Reached XP level 6. HP: 56/56 MP: 4/6
  3875 | D:3      | Found a shimmering blue altar of Sif Muna.
  4698 | D:4      | Found a radiant altar of Vehumet.
  5171 | D:4      | Found a white marble altar of Elyvilon.
  5229 | D:4      | Found a runed translucent gate.
  5229 | D:4      | Found a runed translucent gate.
  5229 | D:4      | Found a runed translucent gate.
  5233 | D:4      | Noticed bande's ghost (amateur GrFi)
  5233 | D:4      | Noticed dracfodder's ghost (amateur GrBe)
  5274 | D:4      | Reached skill level 7 in Unarmed Combat
  5746 | D:5      | Entered Level 5 of the Dungeon
  5951 | D:5      | Found a transporter.
  5952 | D:5      | Noticed jimbles's ghost (amateur TeAE)
  5954 | D:5      | Identified the +8 great mace of Cebaejumm {vorpal, Dex+3}
  5968 | D:5      | Reached XP level 7. HP: 62/63 MP: 3/7
  6164 | D:5      | Reached skill level 8 in Unarmed Combat
  6608 | D:5      | Found an iron altar of Okawaru.
  7241 | D:6      | Reached skill level 9 in Unarmed Combat
  7241 | D:6      | Reached XP level 8. HP: 67/73 MP: 4/8
  7307 | D:6      | Found a runed translucent gate.
  7307 | D:6      | Found a runed translucent gate.
  7328 | D:6      | Found a runed translucent gate.
  8008 | D:6      | Identified the +1 robe of Context {Drain Str+7 Dex+3}
  8047 | D:5      | Reached skill level 10 in Unarmed Combat
  8338 | D:6      | Found an ancient bone altar of Kikubaaqudgha.
  8393 | D:6      | Noticed Dittersdorf's ghost (novice GrFi)
  8547 | D:6      | Identified the amulet "Wostruuw" {Reflect rF+ MP+9 Str+2
                  | SH+5}
  8807 | D:6      | Noticed Grinder
  8810 | D:6      | Paralysed by Grinder for 7 turns
  8833 | D:6      | Killed Grinder
  8915 | D:6      | Reached skill level 11 in Unarmed Combat
  8915 | D:6      | Reached XP level 9. HP: 71/83 MP: 9/9
  8961 | D:6      | HP: 4/83 [yak (13)]
  8973 | D:5      | HP: 2/83 [yak (5)]
  9340 | D:5      | Found a transporter.
  9406 | D:6      | Found a runed translucent door.
  9407 | D:6      | Noticed Crazy Yiuf
  9451 | D:6      | Found a staircase to the Ecumenical Temple.
  9994 | D:7      | Found a runed translucent door.
  9994 | D:7      | Noticed hgbash's ghost (novice GrCA)
 10056 | D:7      | Reached skill level 12 in Unarmed Combat
 10100 | D:7      | Found a glowing silver altar of Zin.
 10311 | D:7      | Reached skill level 10 in Fighting
 10734 | D:7      | Found a faded altar of an unknown god.
 10735 | D:7      | Found a hazy altar of Hepliaklqana.
 10951 | D:7      | Reached skill level 1 in Shields
 11267 | D:7      | Found Saesul Vogu's Weapon Boutique.
 11281 | D:7      | Reached skill level 1 in Armour
 11289 | D:7      | Reached XP level 10. HP: 75/94 MP: 10/10
 11437 | D:7      | Found Aclol's Weapon Shop.
 11455 | D:7      | Found Omuwaj's Assorted Antiques.
 11495 | D:7      | Found a shimmering altar of Xom.
 11552 | D:7      | Bought a pair of runed gloves for 240 gold pieces
 11552 | D:7      | Bought a black potion for 28 gold pieces
 11648 | D:7      | Identified a scroll of acquirement
 11648 | D:7      | Acquired 1243 gold pieces
 11696 | D:8      | Found a burning altar of Makhleb.
 11888 | D:8      | Reached skill level 13 in Unarmed Combat
 12651 | D:8      | Noticed Joseph
 12673 | D:8      | Killed Joseph
 12805 | D:8      | Found a staircase to the Lair.
 13184 | D:8      | Noticed a deep elf pyromancer
 13198 | D:8      | Killed a deep elf pyromancer
 13483 | D:9      | Reached skill level 5 in Shields
 13549 | D:9      | Noticed Psyche
 13826 | D:9      | Killed Psyche
 13827 | D:9      | Reached skill level 5 in Armour
 14027 | D:9      | Found a hide-covered altar of Uskayaw.
 14115 | D:9      | Reached XP level 11. HP: 102/102 MP: 11/11
 14293 | D:9      | Found a runed translucent door.
 14293 | D:9      | Found a shimmering altar of Xom.
 14293 | D:9      | Noticed siradein's ghost (novice DsBe)
 14293 | D:9      | Noticed a +1 rapier of chaos
 14582 | D:9      | Found a snail-covered altar of Cheibriados.
 14848 | Lair:1   | Entered Level 1 of the Lair of Beasts
 14922 | Lair:1   | Noticed a four-headed hydra
 14936 | Lair:1   | Killed a four-headed hydra
 14937 | Lair:1   | Reached skill level 14 in Unarmed Combat
 14938 | Lair:1   | Slain by a cane toad

Illustrated notes

Levels and vault maps discovered:
D:1:      sevenhm_arrival_forest_fort_small_4, layout_basic,
          ebering_ecumenical_altar_webs
D:2:      layout_basic, serial_shops, nicolae_shop_waterfront
D:3:      layout_loops_ring, lemuel_blue_sif_altar, fedhas_altar_1,
          grunt_gozag_breadcrumbs, cheibrodos_sewer_entry_sluice,
          minmay_starry_boxes
D:4:      layout_loops_cross, mainiacjoe_overflow_small_starburst,
          nicolae_vehumet_radiance, gammafunk_ghost_cemetery,
          kennysheep_small_spiral, due_unseen_surprise
D:5:      layout_rooms, kennysheep_okawaru_gauntlet, gammafunk_ghost_smash
D:6:      layout_loops_cross, kiku_gazebo_pond_becter,
          minmay_temple_entry_glass, ebering_ghost_rock_garden,
          lexackson_kobold_supper, uniq_grinder, uniq_crazy_yiuf_cottage
D:7:      layout_gridville, kb_xom_exploding_sheep,
          beargit_hepliaklqana_dungeon_heroes, lemuel_crystal_altar,
          hellmonk_ghost_happy_afterlife, nicolae_wooded_promenade
D:8:      layout_basic, mainiacjoe_overflow_chevrons, erik_lair_orcish_takeover,
          uniq_joseph
D:9:      layout_stronghold, lemuel_doored_altar, kennysheep_little_box,
          ebering_ghost_xom, minivault_19, uniq_psyche
Lair:1:   kb_forest_paths, layout_big_grid, basic_altar,
          nicolae_quartered_pool_little, uniq_urug

Skill      XL: |  1  2  3  4  5  6  7  8  9 10 11 |
---------------+----------------------------------+-----
Fighting       | 4 5 6 7 9 10 11 | 11.5
Unarmed Combat | 4 5 6 7 9 11 12 13 14 | 14.0
Shields        | 1 5 |  5.5
Armour         | 1 5 |  5.4
Spellcasting   | |  1.0
Fire Magic     | |  0.6

Action                   |  1- 3 |  4- 6 |  7- 9 | 10-12 || total
-------------------------+-------+-------+-------+-------++-------
Melee: Unarmed           |    72 |   179 |   251 |   241 ||   743
       Headbutt          |     4 |    22 |    48 |    38 ||   112
       Punch             |       |     7 |    11 |       ||    18
 Cast: Foxfire           |    26 |    54 |    53 |       ||   133
Evoke: Wand              |       |       |     6 |     8 ||    14
  Use: Scroll            |       |     1 |       |    18 ||    19
Armor: Robe              |     8 |       |       |       ||     8
       Ring mail         |       |    62 |    27 |       ||    89
       Chain mail        |       |       |     7 |    79 ||    86
       Leather armour    |       |       |     6 |       ||     6
       Skin              |       |       |       |     3 ||     3
Dodge: Dodged            |    47 |    92 |    64 |    32 ||   235
Block: Other             |       |    29 |    23 |       ||    52
       Reflection        |       |     1 |       |     4 ||     5
       Kite shield       |       |       |    13 |   165 ||   178

Table legend: (Time is in decaauts)
 A = Elapsed time spent in this place.
 B = Non-inter-level travel time spent in this place.
 C = Inter-level travel time spent in this place.
 D = Time resting spent in this place.
 E = Time spent auto-exploring this place.
 F = Levels seen in this place.
 G = Mean time per level.
                   A        B        C        D        E       F      G
               +--------+--------+--------+--------+--------+-----+--------+
         Total |  14920 |  14614 |    306 |   1936 |  10468 |  11 | 1356.4 |
       Dungeon |  14557 |  14252 |    305 |   1936 |  10184 |   9 | 1617.4 |
          Lair |     88 |     88 |      0 |      0 |     61 |   1 |   88.0 |
         Sewer |    273 |    273 |      0 |      0 |    223 |   1 |  273.0 |
               +--------+--------+--------+--------+--------+-----+--------+

Top non-repeatable levels by time:
     D:8: 2032 daAuts
     D:5: 1908 daAuts
     D:4: 1805 daAuts
     D:6: 1796 daAuts
     D:7: 1681 daAuts
     D:1: 1480 daAuts
     D:3: 1393 daAuts
     D:2: 1321 daAuts
     D:9: 1136 daAuts
   Sewer: 273 daAuts
  Lair:1: 88 daAuts
